 Dungeon Crawl Stone Soup version 0.21.0 (webtiles) character file.

2435 raph the Firebug (level 9, -3/96 HPs)
             Began as a Human Fire Elementalist on Jan 6, 2018.
             Slain by a hippogriff (7 damage)
             ... on level 7 of the Dungeon.
             The game lasted 00:23:41 (8689 turns).

raph the Firebug (Human Fire Elementalist)          Turns: 8689, Time: 00:23:42

Health: -3/96      AC:  7    Str: 16    XL:     9   Next: 77%
Magic:  13/16      EV: 16    Int: 19    God:
Gold:   406        SH:  0    Dex: 22    Spells: 4/17 levels left

rFire    . . .     SeeInvis .   E - +6 hand axe "Death Rattle" {freeze, -Tele +Rage rC+ Dex+8}
rCold    + . .     Gourm    .   (no shield)
rNeg     . . .     Faith    .   a - +0 robe
rPois    .         Spirit   .   s - +0 helmet (curse)
rElec    .         Reflect  .   (no cloak)
rCorr    .         Harm     .   h - +1 pair of gloves {Str+3}
MR       .....     NoTele   +   r - +1 pair of boots
Stlth    ..........             (no amulet)
HPRegen  0.26/turn              (no ring)
MPRegen  0.15/turn              (no ring)

@: berserking, marked, very quick
A: no striking features
a: Evoke Berserk Rage


You were on level 7 of the Dungeon.
You were very hungry.

You visited 1 branch of the dungeon, and saw 7 of its levels.

You collected 406 gold pieces.

Inventory:

Hand Weapons
 e - a +1 dagger
 g - a +0 dagger of protection
 k - a +2 war axe of chopping
 u - a +2 trident
 y - a +1 flail
 E - the +6 hand axe "Death Rattle" (weapon) {freeze, -Tele +Rage rC+ Dex+8}
   (You found it on level 7 of the Dungeon)

   It has been specially enchanted to freeze those struck by it, causing extra
   injury to most foes and up to half again as much damage against particularly
   susceptible opponents.
   It can also slow down cold-blooded creatures.
   It affects your dexterity (+8).
   It protects you from cold.
   It lets you go berserk.
   It prevents most forms of teleportation.
Missiles
 l - 260 stones
 t - 7 tomahawks (quivered)
Armour
 a - a +0 robe (worn)
 h - a +1 pair of gloves of strength (worn)
 i - a +2 pair of gloves
 r - a +1 pair of boots (worn)
 s - a cursed +0 helmet (worn)
 C - a +0 buckler
Wands
 x - a wand of acid (6)
Scrolls
 d - 2 scrolls of identify
 j - a scroll of amnesia
 o - 7 scrolls of teleportation
Potions
 f - 3 potions of mutation
 n - a potion of berserk rage
 p - 3 potions of curing {unknown}
 q - 2 potions of lignification {unknown}
 v - a potion of cancellation {unknown}
 z - a potion of haste {unknown}
 A - a potion of agility {unknown}
 B - a potion of resistance {unknown}
Books
 b - a book of Flames

   Spells                             Type                      Level
   a - Flame Tongue                   Conjuration/Fire             1
   b - Throw Flame                    Conjuration/Fire             2
   c - Conjure Flame                  Conjuration/Fire             3
   d - Inner Flame                    Hexes/Fire                   3
   e - Sticky Flame                   Conjuration/Fire             4
   f - Fireball                       Conjuration/Fire             5
Comestibles
 c - 13 rations
 D - 5 chunks of flesh


   Skills:
 + Level 3.6 Fighting
 + Level 0.2 Axes
 + Level 5.0 Dodging
 - Level 3.1 Stealth
 * Level 1.6 Shields
 + Level 4.7 Spellcasting
 * Level 6.5 Conjurations
 * Level 7.3 Fire Magic


You had 4 spell levels left.
You knew the following spells:

 Your Spells              Type           Power        Failure   Level  Hunger
a - Flame Tongue          Conj/Fire      ####.        1%          1    None
b - Throw Flame           Conj/Fire      ####..       1%          2    #......
c - Conjure Flame         Conj/Fire      ####....     2%          3    ##.....
d - Inner Flame           Hex/Fire       ###.....     9%          3    ##.....
e - Sticky Flame          Conj/Fire      ####....     8%          4    ####...


Dungeon Overview and Level Annotations

Branches:
Dungeon (7/15)
 Temple: D:4-7

Altars:
Ashenzari
Dithmenos
Gozag
Hepliaklqana
Okawaru
Qazlal
Ru
Sif Muna
Uskayaw
Wu Jian
Yredelemnul
Zin

Shops:
D:5 *   D:6 %

Annotations:
D:7 Nr616's ghost, novice MiBe


Message History

Nr616's ghost hits you.
* * * LOW HITPOINT WARNING * * *
The hippogriff bites you!
* * * LOW HITPOINT WARNING * * *
The hippogriff closely misses you.
The hippogriff claws you but does no damage.
It was a potion of berserk rage.
A red film seems to cover your vision as you go berserk!
You feel yourself moving faster!
You feel mighty! Nr616's ghost closely misses you.
The hippogriff barely misses you.
The hippogriff pecks you but does no damage.
The hippogriff barely misses you.
You completely miss Nr616's ghost.
Nr616's ghost is lightly damaged.
You hit the hippogriff. You freeze the hippogriff. Nr616's ghost hits you.
* * * LOW HITPOINT WARNING * * *
You hit Nr616's ghost. You freeze Nr616's ghost.
Nr616's ghost is lightly damaged.
You barely miss the hippogriff. The hippogriff bites you!
You die...

#...# #.# #.#.#
#.#
###.#.###.####
#...P........+
P....###.##.####
..... #.##.#
.P... #.##S# ..
#..#W# . #..#@#
#..#H# P #.acO#
... #.#gg#
.....###.#gJ#
....P.P..#.(#
##########..# #
#..#######.#
#.........###


You could see a hippogriff, an ogre, a gnoll sergeant, a centaur, a jelly,
Nr616's ghost, 2 gnolls and an adder.

Vanquished Creatures
  Sigmund (D:5)
  A black bear (D:7)
  An ice beast (D:5)
  3 sky beasts
  A phantom (D:5)
  A necrophage (D:7)
  2 ogres
  3 centaurs
  5 wights (D:6)
  A howler monkey (D:4)
  3 crimson imps
  A quasit (D:6)
  A jelly (D:6)
  An orc priest (D:5)
  4 hounds
  10 orc wizards
  2 iguanas
  4 worker ants
  A hound skeleton (D:5)
  A worker ant zombie (D:6)
  A howler monkey skeleton (D:6)
  8 adders
  2 gnolls (D:2)
  An adder zombie (D:5)
  3 worms
  2 dart slugs (D:1)
  5 leopard geckos
  23 orcs
  4 bats
  5 giant cockroaches
  6 goblins
  6 hobgoblins
  19 jackals
  6 kobolds
  6 quokkas
  3 ball pythons
  7 frilled lizards
  2 leopard gecko skeletons
  A quokka zombie (D:7)
  2 rats
159 creatures vanquished.

Vanquished Creatures (others)
  A gnoll (D:7)
1 creature vanquished.

Grand Total: 160 creatures vanquished

Notes
Turn   | Place    | Note
-------+----------+-------------------------------------------
     0 | D:1      | raph the Human Fire Elementalist began the quest for the Orb.
     0 | D:1      | Reached XP level 1. HP: 13/13 MP: 3/3
   141 | D:1      | Reached XP level 2. HP: 19/19 MP: 0/5
  1035 | D:2      | Reached XP level 3. HP: 20/24 MP: 3/6
  1078 | D:2      | Learned a level 3 spell: Conjure Flame
  1580 | D:2      | Reached XP level 4. HP: 30/30 MP: 4/7
  1613 | D:2      | Learned a level 3 spell: Inner Flame
  2272 | D:2      | Reached XP level 5. HP: 35/35 MP: 1/8
  2348 | D:2      | Learned a level 2 spell: Throw Flame
  2543 | D:2      | Found a shattered altar of Ashenzari.
  2568 | D:2      | Found a faded altar of an unknown god.
  2702 | D:3      | Reached skill level 4 in Fire Magic
  2850 | D:3      | Found a sacrificial altar of Ru.
  3239 | D:3      | Noticed an ogre
  3247 | D:3      | Killed an ogre
  3247 | D:3      | Reached XP level 6. HP: 42/42 MP: 1/10
  4075 | D:4      | Noticed an ogre
  4075 | D:4      | Reached XP level 7. HP: 23/47 MP: 4/11
  4295 | D:4      | Reached skill level 5 in Fire Magic
  4351 | D:4      | Found a basalt altar of Yredelemnul.
  4689 | D:4      | Found an ornate altar of the Wu Jian Council.
  4930 | D:4      | Found a shattered altar of Ashenzari.
  5028 | D:4      | Reached skill level 1 in Fighting
  5324 | D:5      | Entered Level 5 of the Dungeon
  5355 | D:5      | Found a hazy altar of Hepliaklqana.
  5576 | D:5      | Reached XP level 8. HP: 8/54 MP: 6/13
  5810 | D:5      | Learned a level 4 spell: Sticky Flame
  5824 | D:5      | Found a stormy altar of Qazlal.
  5968 | D:5      | Noticed Sigmund
  5979 | D:5      | Killed Sigmund
  6236 | D:5      | Reached skill level 5 in Conjurations
  6367 | D:5      | Reached skill level 6 in Fire Magic
  6507 | D:5      | Found a hide-covered altar of Uskayaw.
  6736 | D:5      | Found an opulent altar of Gozag.
  6737 | D:5      | Found Gozag's Platinum Reserve.
  6855 | D:5      | Reached XP level 9. HP: 14/62 MP: 8/15
  7194 | D:6      | Found a glowing silver altar of Zin.
  7219 | D:6      | Found Caqipnos's Food Shop.
  7686 | D:6      | Found a deep blue altar of Sif Muna.
  7834 | D:6      | Reached skill level 7 in Fire Magic
  8236 | D:7      | Found a shadowy altar of Dithmenos.
  8381 | D:7      | Reached skill level 1 in Shields
  8600 | D:7      | Found an iron altar of Okawaru.
  8614 | D:7      | Got a twisted hand axe
  8615 | D:7      | Identified the +6 hand axe "Death Rattle" {freeze, -Tele +Rage rC+ Dex+8} (You found it on level 7 of the Dungeon)
  8675 | D:7      | Noticed a hippogriff
  8682 | D:7      | Noticed Nr616's ghost (novice MiBe)
  8682 | D:7      | Reached skill level 5 in Dodging
  8688 | D:7      | HP: 4/96 [Nr616's ghost (6)]
  8689 | D:7      | Slain by a hippogriff

Skill      XL: |  1  2  3  4  5  6  7  8  9 |
---------------+----------------------------+-----
Conjurations   | 2 3 4 5 6 |  6.5
Fire Magic     | 4 5 6 7 |  7.3
Stealth        | 3 |  3.1
Dodging        | 3 4 5 |  5.0
Spellcasting   | 3 4 |  4.7
Fighting       | 1 2 3 |  3.6
Shields        | 1 |  1.6
Axes           | |  0.2

Action                   |  1- 3 |  4- 6 |  7- 9 || total
-------------------------+-------+-------+-------++-------
Melee: Dagger            |    12 |    96 |    60 ||   168
       War axe           |       |       |    36 ||    36
       Trident           |       |       |    13 ||    13
       Hand axe          |       |       |     6 ||     6
Throw: Tomahawk          |       |       |     3 ||     3
 Cast: Flame Tongue      |    45 |   117 |   166 ||   328
       Conjure Flame     |     2 |     8 |    10 ||    20
       Inner Flame       |       |     1 |     5 ||     6
       Throw Flame       |       |     2 |     2 ||     4
       Sticky Flame      |       |       |    13 ||    13
  Use: Scroll            |       |     9 |     1 ||    10
       Potion            |       |     1 |     2 ||     3
 Stab: Sleeping          |     1 |     1 |     1 ||     3
  Eat: Chunk             |     2 |     6 |    17 ||    25
       Ration            |       |     1 |     1 ||     2
Armor: Robe              |    10 |    56 |    72 ||   138
Dodge: Dodged            |    24 |   132 |   157 ||   313
